[Event "*** Titled Tuesday 3|2 Blitz"]
[Site "Chess.com"]
[Date "2017.03.07"]
[Round "2"]
[White "chessking2151"]
[Black "JeremDev"]
[Result "1-0"]
[WhiteElo "2390"]
[BlackElo "2217"]
[TimeControl "180+2"]
[EndTime "13:20:11 PST"]
[Termination "chessking2151 won by resignation"]

1. e4 c5 2. Nf3 d6 3. d4 cxd4 4.
Nxd4 Nf6 5. Nc3 g6 6. Be3 Bg7 7. f3 O-O 8. Qd2 Nc6 9. O-O-O d5 10. exd5 Nxd5 11. Nxc6 bxc6 12. Bd4 e5 13. Bc5 Be6 14.
Ne4 Rb8 15. Bc4 f5 16. Nc3 Qh4 17. f4 Qxf4 18. Qxf4 Nxf4 19. Bxf8 Kxf8 20. Bxe6 Nxe6 21. Rd6 Nd4 22. Rd7 a5 23. Re1 e4 24. Na4 Ne6 25.
Red1 Be5 26. g3 Kg8 27. Re7 Rb4 28. Rxe6 1-0

[Event "*** Titled Tuesday 3|2 Blitz"]
[Site "Chess.com"]
[Date "2017.03.07"]
[Round "2"]
[White "Wolverine_master"]
[Black "aa175"]
[Result "0-1"]
[WhiteElo "1933"]
[BlackElo "1862"]
[TimeControl "180+2"]
[EndTime "13:20:12 PST"]
[Termination "aa175 won on time"]

1. Nf3 d5 2. g3 Nc6 3. d4 Nf6 4.
Bg2 Bf5 5. O-O e6 6. c4 Be7 7.
Nc3 O-O 8. Nh4 Bg6 9. Nxg6 hxg6 10. b3 Bb4 11. Bb2 dxc4 12. bxc4 Qxd4 13. Nb5 Qxb2 14. Nxc7 Rad8 15. Qa4 Qxe2 16. Bxc6 Qxc4 17. Rac1 Qd4 18. Bxb7 Bc5 19. Rc4 Qd6 20. Nb5 Qb6 21. Bf3 Rd2 22. Rxc5 Qxc5 23. Nxa7 Qd4 24. Qxd4 Rxd4 25. Ra1 Ra4 26.
Nb5 Rb8 27. Nc3 Ra3 28. Rc1 Rc8 0-1

[Event "*** Titled Tuesday 3|2 Blitz"]
[Site "Chess.com"]
[Date "2017.03.07"]
[Round "2"]
[White "Lupul_Cenusiu"]
[Black "Saitama_Hero"]
[Result "1-0"]
[WhiteElo "2404"]
[BlackElo "2225"]
[TimeControl "180+2"]
[EndTime "13:20:22 PST"]
[Termination "Lupul_Cenusiu won by resignation"]

1. d4 Nf6 2. c4 g6 3. Nf3 d5 4.
cxd5 Nxd5 5. e4 Nb6 6. h3 Bg7 7. Nc3 O-O 8. Be3 Nc6 9. Qd2 a5 10. Rd1 a4 11. Bb5 Na5 12. Qe2 a3 13. b3 c6 14. Bd3 c5 15. Nb5 cxd4 16. Bxd4 Bxd4 17. Nbxd4 e5 18. Nb5 Qe7 19. O-O Nc6 20. Qe3 Nd7 21. Bc4 Nc5 22. Rd5 b6 23. Rd6 Na5 24. Rxb6 Nxc4 25. bxc4 Na4 26. Rc6 Bd7 27. Rc7 Rfc8 28. Rd1 Rxc7 29. Nxc7 Nb2 30. Rc1 Rc8 31. Nd5 Qd6 32.
Qg5 Be6 33. Ne7+ Kg7 34. Nxc8 Bxc8 35. Qxe5+ Qxe5 36. Nxe5 f6 37. Nc6 Bb7 38. Na5 Bxe4 39. Rc3 Nd1 40. Rxa3 1-0

[Event "*** Titled Tuesday 3|2 Blitz"]
[Site "Chess.com"]
[Date "2017.03.07"]
[Round "2"]
[White "AlexanderL"]
[Black "chito89"]
[Result "0-1"]
[WhiteElo "2583"]
[BlackElo "2522"]
[TimeControl "180+2"]
[EndTime "13:20:24 PST"]
[Termination "chito89 won by resignation"]

1. d4 Nf6 2. c4 d6 3. Nc3 Nbd7 4. e4 e5 5. Nf3 g6 6. Be2 Bg7 7. O-O O-O 8. Qc2 exd4 9. Nxd4 Re8 10. Rd1 c6 11. Bg5 Qc7 12. Rab1 a5 13. f3 Nc5 14. Bf1 Bd7 15. b3 Rad8 16. Kh1 h6 17. Ndb5 Qb8 18. Bf4 cxb5 19. Bxd6 Qc8 20. e5 Bf5 21. Qf2 b4 22. Nb5 Nfd7 23. f4 Bxb1 24. Rxb1 Ne4 25. Qe3 Nc3 26. Nxc3 bxc3 27. Qxc3 Nc5 28.
Qxa5 Bf8 29. Bxf8 Rxf8 30. Qe1 Qf5 31. Qe3 Qxb1 0-1

[Event "*** Titled Tuesday 3|2 Blitz"]
[Site "Chess.com"]
[Date "2017.03.07"]
[Round "2"]
[White "Ginger_GM"]
[Black "ShimanovAlex"]
[Result "0-1"]
[WhiteElo "2497"]
[BlackElo "2648"]
[TimeControl "180+2"]
[EndTime "13:20:26 PST"]
[Termination "ShimanovAlex won by resignation"]

1. d4 Nf6 2. Bf4 d5 3. e3 c5 4. c3 Nc6 5. Nd2 Bg4 6. f3 Bc8 7. g4 g6 8. h4 h5 9. g5 Nd7 10. e4 dxe4 11. d5 Nce5 12. Nxe4 Bg7 13. Bg3 O-O 14. Be2 Nb6 15. f4 Ng4 16. Qd2 Bf5 17. Nxc5 Qc7 18. Nb3 Rfd8 19. Bf3 Nc4 20. Qe2 Nge3 21.
Rc1 Nxd5 22. Nh3 Nde3 23. Nf2 Qb6 24. Be4 Rac8 25. Bxf5 Nxf5 26. Rh3 a5 27. Kf1 a4 28. Nd4 Bxd4 29. cxd4 Nce3+ 0-1

[Event "*** Titled Tuesday 3|2 Blitz"]
[Site "Chess.com"]
[Date "2017.03.07"]
[Round "2"]
[White "Iball95"]
[Black "Misha_Bilous"]
[Result "0-1"]
[WhiteElo "2476"]
[BlackElo "2271"]
[TimeControl "180+2"]
[EndTime "13:20:28 PST"]
[Termination "Misha_Bilous won by resignation"]

1. e4 c5 2. Nf3 d6 3. Bb5+ Bd7 4.
Bxd7+ Qxd7 5. c4 Nc6 6. d4 cxd4 7. Nxd4 g6 8. Nc3 Bg7 9. Be3 Nf6 10. f3 O-O 11.
Rc1 e6 12. O-O Rfd8 13. b3 d5 14. Nxc6 bxc6 15. cxd5 cxd5 16. exd5 Nxd5 17. Nxd5 Qxd5 18. Qxd5 Rxd5 19. Rfd1 a5 20. Rxd5 exd5 21. Rd1 d4 22.
Bf2 a4 23. Kf1 axb3 24. axb3 Ra3 25. Rd3 Ra1+ 26. Ke2 Rb1 27. g4 f5 28. gxf5 gxf5 29.
Be1 Kf7 30. Bd2 Ke6 31. b4 Kd5 32.
Ra3 Kc4 33. Ra7 d3+ 0-1

[Event "*** Titled Tuesday 3|2 Blitz"]
[Site "Chess.com"]
[Date "2017.03.07"]
[Round "2"]
[White "ZEN-22"]
[Black "rubhani"]
[Result "1-0"]
[WhiteElo "2344"]
[BlackElo "2385"]
[TimeControl "180+2"]
[EndTime "13:20:33 PST"]
[Termination "ZEN-22 won by checkmate"]

1. e3 c5 2. Ne2 Nf6 3. d4 d5 4. c4 Nc6 5. cxd5 Nxd5 6. e4 Nf6 7. d5 Nb8 8. Nbc3 e6 9. Nf4 e5 10.
Nh5 Nbd7 11. f4 Bd6 12. Nxg7+ Kf8 13. Nf5 Nb6 14. fxe5 Bxf5 15. exd6 Nxe4 16. Nxe4 Bxe4 17. Bh6+ Kg8 18. Qg4+ Bg6 19. O-O-O Qxd6 20. h4 f5 21. Qg5 Qe5 22. h5 Na4 23. Rd2 Qe1+ 24. Kc2 Kf7 25. d6 Qa1 26. Bc4+ Ke8 27. Qe7# 1-0

[Event "*** Titled Tuesday 3|2 Blitz"]
[Site "Chess.com"]
[Date "2017.03.07"]
[Round "2"]
[White "silverback96"]
[Black "Jahonas"]
[Result "1-0"]
[WhiteElo "2064"]
[BlackElo "2171"]
[TimeControl "180+2"]
[EndTime "13:20:36 PST"]
[Termination "silverback96 won by resignation"]

1. d4 Nf6 2. c4 g6 3. g3 d5 4.
cxd5 Nxd5 5. Nf3 Bg7 6. Bg2 O-O 7. O-O c6 8. h3 Nd7 9. e4 N5b6 10. Qe2 e5 11. Bg5 f6 12. Be3 exd4 13. Nxd4 Ne5 14. f4 Nec4 15. Bf2 Kh8 16. Nc3 Qe7 17. a4 Nd6 18. a5 Nd7 19. a6 Nb6 20. Rfe1 c5 21. Nb3 c4 22. Nc5 Rb8 23. axb7 Bxb7 24. Rxa7 Ndc8 25.
Rxb7 Rxb7 26. Nxb7 Qxb7 27. e5 Qb8 28. e6 Ne7 29.
Bc5 Re8 30. Qf2 Nbc8 31. Nd5 Nxd5 32. Bxd5 Ne7 33. Bxc4 f5 34. b4 h5 35. b5 Bf6 36. b6 Rd8 37. Ba6 Kg7 38. b7 Qc7 39. Bxe7 Qxe7 40. Qb6 Bd4+ 41. Qxd4+ Rxd4 42. b8=Q Qc5 43. Qe5+ Qxe5 44. Rxe5 1-0

[Event "*** Titled Tuesday 3|2 Blitz"]
[Site "Chess.com"]
[Date "2017.03.07"]
[Round "2"]
[White "HaryKane"]
[Black "PelinGorki"]
[Result "0-1"]
[WhiteElo "2278"]
[BlackElo "2420"]
[TimeControl "180+2"]
[EndTime "13:20:47 PST"]
[Termination "PelinGorki won by resignation"]

1. e4 d6 2. d4 Nf6 3. Nc3 c6 4.
f3 Qb6 5. a3 e6 6. Nge2 d5 7.
exd5 cxd5 8. Bf4 a6 9. Qd2 Nbd7 10. g4 Qxb2 11. Rb1 Qxa3 12. Ng3 Bd6 13. Rb3 Bxf4 14. Qxf4 Qa1+ 15. Kf2 h6 16. h4 Qa5 17. Bd3 b5 18.
Re1 Bb7 19. g5 hxg5 20. hxg5 Nh5 21. Nxh5 Rxh5 22. g6 O-O-O 23. gxf7 Rh6 24. Nxb5 axb5 25. Rxb5 Rf6 26. Qd6 Qc7 27. Qb4 Qh2+ 28. Ke3 e5 29. Rxb7 exd4+ 30. Kxd4 Rf4+ 31. Be4 dxe4 32. Qc4+ Kxb7 33.
Qd5+ Kc7 34. Kc3 Rxf3+ 35. Kc4 Nb6+ 0-1

[Event "*** Titled Tuesday 3|2 Blitz"]
[Site "Chess.com"]
[Date "2017.03.07"]
[Round "2"]
[White "workhard91"]
[Black "FearlessKing64"]
[Result "1-0"]
[WhiteElo "2226"]
[BlackElo "2123"]
[TimeControl "180+2"]
[EndTime "13:20:47 PST"]
[Termination "workhard91 won by resignation"]

1. e4 c5 2. Nf3 d6 3. Bb5+ Nd7 4.
O-O a6 5. Bd3 b5 6. c4 g5 7.
Nxg5 Ne5 8. Be2 bxc4 9. Na3 e6 10. f4 h6 11. fxe5 hxg5 12. Nxc4 d5 13. exd5 Qxd5 14. d3 Bb7 15. Bf3 Qd4+ 16. Be3 Qh4 17. Bxb7 Qxh2+ 18. Kf2 Rb8 19. Qa4+ Kd8 20. Qc6 Qh4+ 21. Ke2 Rxb7 22. Qxb7 Qg4+ 23. Kd2 Qxg2+ 24. Qxg2 1-0

[Event "*** Titled Tuesday 3|2 Blitz"]
[Site "Chess.com"]
[Date "2017.03.07"]
[Round "2"]
[White "vpantev"]
[Black "Rock700chess"]
[Result "1-0"]
[WhiteElo "2461"]
[BlackElo "2233"]
[TimeControl "180+2"]
[EndTime "13:20:47 PST"]
[Termination "vpantev won by resignation"]

1. d4 Nf6 2. Nf3 g6 3. Bf4 Bg7 4. e3 d6 5. Be2 O-O 6. O-O c6 7. c4 Nbd7 8. Nc3 a6 9. h3 h6 10. Qc2 Qb6 11. a3 g5 12. Bh2 Re8 13. b4 a5 14. c5 Qd8 15. Rab1 axb4 16. axb4 d5 17. b5 Nh5 18. Nxg5 hxg5 19. Bxh5 Nf6 20. Be2 e6 21. Be5 Nd7 22. Bxg7 Kxg7 23. f4 gxf4 24. Rxf4 f5 25. Rf3 Nf6 26. bxc6 bxc6 27. Bd3 Ba6 28. Bxa6 Rxa6 29.
Qf2 Qa8 30. Qg3+ Kf7 31. Ne2 Rg8 32. Qc7+ Kg6 33. Nf4+ Kh6 34. Qf7 Qd8 35. Nxe6 Rf8 36. Nxd8 Rxf7 37. Nxf7+ 1-0

[Event "*** Titled Tuesday 3|2 Blitz"]
[Site "Chess.com"]
[Date "2017.03.07"]
[Round "2"]
[White "GGuseinov"]
[Black "VMikhalevski"]
[Result "1-0"]
[WhiteElo "2569"]
[BlackElo "2533"]
[TimeControl "180+2"]
[EndTime "13:20:48 PST"]
[Termination "GGuseinov won on time"]

1. e4 e5 2. Nf3 Nc6 3. Bb5 a6 4.
Bxc6 dxc6 5. O-O Bg4 6. h3 h5 7. d3 Qf6 8. Nbd2 Ne7 9. Nc4 Ng6 10. hxg4 hxg4 11. Bg5 Qe6 12. Nh2 b5 13. Nd2 g3 14.
Ng4 Nf4 15. d4 f6 16. Bxf4 exf4 17. fxg3 fxg3 18. Qf3 O-O-O 19. c3 Bd6 20. Ne3 Rh7 21. Nf5 Rdh8 22. Nxg3 f5 23. e5 f4 24. Qxf4 1-0

[Event "*** Titled Tuesday 3|2 Blitz"]
[Site "Chess.com"]
[Date "2017.03.07"]
[Round "2"]
[White "Abrito99"]
[Black "Chesstrainer1"]
[Result "1-0"]
[WhiteElo "2378"]
[BlackElo "2330"]
[TimeControl "180+2"]
[EndTime "13:20:51 PST"]
[Termination "Abrito99 won by resignation"]

1. e4 c5 2. Nf3 g6 3. d4 cxd4 4.
c3 Bg7 5. Bc4 e6 6. Nxd4 Ne7 7.
O-O O-O 8. Bg5 h6 9. Bh4 Nbc6 10. Nxc6 bxc6 11. Qd6 g5 12. Bg3 Ng6 13. Nd2 Re8 14. Nb3 Bf8 15. Qd1 d5 16. Bd3 Qf6 17. Re1 a5 18. e5 Qg7 19. Qe2 a4 20. Nd4 Bd7 21. Nf3 Rab8 22. h4 g4 23. Nh2 h5 24.
f3 Bc5+ 25. Kh1 Be7 26. Qf2 c5 27. fxg4 hxg4 28. Nxg4 Qh6 29. Nxh6+ 1-0

[Event "*** Titled Tuesday 3|2 Blitz"]
[Site "Chess.com"]
[Date "2017.03.07"]
[Round "2"]
[White "rasmussvane"]
[Black "Jospem"]
[Result "1-0"]
[WhiteElo "2495"]
[BlackElo "2582"]
[TimeControl "180+2"]
[EndTime "13:20:58 PST"]
[Termination "rasmussvane won by resignation"]

1. Nf3 Nf6 2. c4 g6 3. Nc3 d6 4. e4 Bg7 5. d4 Bg4 6. Be2 O-O 7. Be3 Bxf3 8. Bxf3 Nc6 9. O-O e5 10. d5 Ne7 11. c5 a6 12. Qb3 Qb8 13. Rac1 Nd7 14. Na4 f5 15. cxd6 cxd6 16. Nb6 Qd8 17. Nxa8 Qxa8 18.
Rc7 Rd8 19. Qxb7 Qxb7 20. Rxb7 f4 21. Bb6 Nxb6 22. Rxb6 a5 23. Rc1 Bf8 24. Bg4 Ra8 25. Be6+ Kh8 26. Rxd6 Rb8 27. b3 a4 28. bxa4 Nf5 29. Rdc6 Nd4 30. Rc8 Rb2 31. Rxf8+ Kg7 32. Rf7+ Kh6 33. Bg4 Kg5 34. Bf3 Rxa2 35. h4+ Kxh4 36.
Rxh7+ Kg5 37. d6 Rxa4 38. d7 Ne6 39. Re7 Nd8 40. Re8 Ra8 41. Rc8 Ra1+ 42. Kh2 Nf7 43. d8=Q+ Nxd8 44. Rcxd8 Ra7 45. Rxe5+ Kf6 46. Red5 Rh7+ 47.
Kg1 Ra7 1-0

[Event "*** Titled Tuesday 3|2 Blitz"]
[Site "Chess.com"]
[Date "2017.03.07"]
[Round "2"]
[White "EmeseBalogh"]
[Black "Quiet_Desperation"]
[Result "0-1"]
[WhiteElo "1996"]
[BlackElo "2142"]
[TimeControl "180+2"]
[EndTime "13:21:03 PST"]
[Termination "Quiet_Desperation won by resignation"]

1. e4 Nc6 2. d4 d5 3. exd5 Qxd5 4.
c3 e5 5. Nf3 Bg4 6. Be2 O-O-O 7.
dxe5 Bxf3 8. Bxf3 Qxd1+ 9. Bxd1 Nxe5 10. O-O Nd3 11. Bb3 Nxc1 12. Rxc1 Nh6 13. Na3 Bxa3 14.
bxa3 Rd6 15. h3 Re8 16. Re1 Kd8 17. Rxe8+ Kxe8 18. Re1+ Kd7 19. g3 f6 20. Kg2 Nf5 21. Re4 Ne7 22. Rb4 b6 23. Re4 Nd5 24. c4 Ne7 25. Re2 c5 26. Ba4+ Kd8 27. Bb5 Nc6 28. a4 Ne5 29. f4 Nc6 30. h4 Kc7 31. Kh3 Kd7 32. Kg4 g6 33. h5 Kc7 34. hxg6 hxg6 35.
Rh2 Rd7 36. Rh6 Rg7 37. Rh8 Nd4 38. Rf8 f5+ 39. Kh4 Rh7+ 40. Kg5 Ne6+ 41. Kxg6 Nxf8+ 0-1

[Event "*** Titled Tuesday 3|2 Blitz"]
[Site "Chess.com"]
[Date "2017.03.07"]
[Round "2"]
[White "Buffy7"]
[Black "Genghis_K"]
[Result "0-1"]
[WhiteElo "2493"]
[BlackElo "2714"]
[TimeControl "180+2"]
[EndTime "13:21:04 PST"]
[Termination "Genghis_K won by resignation"]

1. c4 Nf6 2. d4 e6 3. Nf3 d5 4. g3 Bb4+ 5. Bd2 Bd6 6. Bg2 O-O 7. O-O c6 8. b3 Nbd7 9. Nc3 Re8 10. Qc2 dxc4 11. bxc4 e5 12. e3 h6 13.
Rad1 Qe7 14. Bc1 Bb4 15. Bb2 e4 16. Nd2 Bxc3 17. Qxc3 b5 18. d5 b4 19. Qc2 cxd5 20.
cxd5 a5 21. Rfe1 Ra6 22. Nc4 Bb7 23. d6 Qe6 24. Rd4 Rc6 25. Bf1 Ne5 26. Qb3 Nf3+ 27. Kh1 Nxe1 28. Nxa5 Qxb3 29. axb3 Rc2 30. d7 Nxd7 31.
Rxd7 Rxf2 32. Kg1 Rxb2 0-1

[Event "*** Titled Tuesday 3|2 Blitz"]
[Site "Chess.com"]
[Date "2017.03.07"]
[Round "2"]
[White "asms9699"]
[Black "GMHess"]
[Result "0-1"]
[WhiteElo "2428"]
[BlackElo "2571"]
[TimeControl "180+2"]
[EndTime "13:21:04 PST"]
[Termination "GMHess won by resignation"]

1. c4 g6 2. g3 Bg7 3. Bg2 h5 4.
Nf3 e5 5. Nc3 Nc6 6. d3 Nge7 7.
O-O Nf5 8. Nd5 h4 9. g4 h3 10. gxf5 hxg2 11. Kxg2 gxf5 12. Rg1 e4 13. Ng5 d6 14. Bf4 Bxb2 15. Qd2 Bxa1 16. Rxa1 f6 17.
Nh3 Be6 18. Bg3 Rxh3 19. Nf4 Rxg3+ 20. hxg3 Qd7 21. Qb2 O-O-O 22. Qxf6 Bg8 23. Rh1 exd3 24. exd3 d5 25. Rh8 dxc4 26. dxc4 Bxc4 27. Rxd8+ Nxd8 28. a3 Qc6+ 29. Kh2 Qxf6 0-1

[Event "*** Titled Tuesday 3|2 Blitz"]
[Site "Chess.com"]
[Date "2017.03.07"]
[Round "2"]
[White "ZapataCharlesS"]
[Black "Hanging_pointer"]
[Result "1-0"]
[WhiteElo "2629"]
[BlackElo "2287"]
[TimeControl "180+2"]
[EndTime "13:21:08 PST"]
[Termination "ZapataCharlesS won by resignation"]

1. d4 Nf6 2. Bg5 e6 3. e4 h6 4. Bxf6 Qxf6 5. Nc3 d6 6. Qd2 c6 7. f4 e5 8. Nge2 Nd7 9. O-O-O g6 10. g4 Bg7 11. h4 Qe7 12. f5 Bf6 13. Qe1 b5 14. d5 Bb7 15. dxc6 Bxc6 16. fxg6 fxg6 17. Ng3 Bxh4 18. Bxb5 Rc8 19. Bxc6 Rxc6 20. Kb1 O-O 21. Nd5 Qg5 22. Qb4 Rb8 23. Qa4 Rbc8 24. Nf5 gxf5 25.
gxf5 Kh8 26. Qxa7 Nf6 27. Rdg1 Ng4 28. c3 Bf2 29. Qxf2 Nxf2 30. Rxg5 Kh7 1-0

[Event "*** Titled Tuesday 3|2 Blitz"]
[Site "Chess.com"]
[Date "2017.03.07"]
[Round "2"]
[White "bilelou"]
[Black "Jadro9"]
[Result "0-1"]
[WhiteElo "2328"]
[BlackElo "2389"]
[TimeControl "180+2"]
[EndTime "13:21:08 PST"]
[Termination "Jadro9 won by resignation"]

1. e4 e5 2. Qh5 Nc6 3. Bc4 g6 4.
Qf3 Nf6 5. Ne2 Bg7 6. d3 O-O 7. Nbc3 h6 8. Bd2 d6 9. h3 Be6 10. Nd5 Bxd5 11. Bxd5 Nxd5 12. exd5 Ne7 13. g4 f5 14.
O-O-O Qe8 15. Rhg1 Qf7 16. Nc3 a6 17. h4 f4 18. h5 g5 19. Qe4 b5 20. b4 Rfb8 21. a3 a5 22. Kb2 axb4 23. axb4 c6 24. Ra1 cxd5 25. Qh1 e4 26. dxe4 Rxa1 27. Rxa1 Rc8 28. Ra7 Qe6 29. Qf3 dxe4 30. Qe2 Rc4 31. Ra8+ Kf7 32. Ra7 Bd4 33. Qe1 Bxa7 0-1

[Event "*** Titled Tuesday 3|2 Blitz"]
[Site "Chess.com"]
[Date "2017.03.07"]
[Round "2"]
[White "GrigorGrigorov"]
[Black "Astaneh"]
[Result "1-0"]
[WhiteElo "2564"]
[BlackElo "2521"]
[TimeControl "180+2"]
[EndTime "13:21:12 PST"]
[Termination "GrigorGrigorov won by resignation"]

1. e4 c6 2. d4 d5 3. exd5 cxd5 4.
Bd3 Nf6 5. c3 Nc6 6. Bf4 Bg4 7.
Qb3 Qc8 8. Nd2 e6 9. Ngf3 Be7 10. O-O O-O 11. Ne5 Bh5 12. Rae1 Nxe5 13. Bxe5 Bg6 14.
Bxg6 hxg6 15. Qd1 b5 16. h4 a5 17. Re3 b4 18. Rh3 bxc3 19. bxc3 Ra6 20. h5 Rc6 21. Qf3 g5 22. h6 g4 23. Qg3 Re8 24. Rh2 Rxc3 25.
Qf4 Nh7 26. hxg7 f6 27. Qh6 Ng5 28. Bxf6 Bxf6 29. Qxf6 Nf7 30. Rh8+ 1-0

[Event "*** Titled Tuesday 3|2 Blitz"]
[Site "Chess.com"]
[Date "2017.03.07"]
[Round "2"]
[White "Hunninn"]
[Black "IMcoach"]
[Result "1-0"]
[WhiteElo "2420"]
[BlackElo "2318"]
[TimeControl "180+2"]
[EndTime "13:21:12 PST"]
[Termination "Hunninn won on time"]

1. d4 Nf6 2. Bf4 c5 3. e3 d6 4. c3 Nbd7 5. Bd3 g6 6. Nf3 Bg7 7. Nbd2 O-O 8. Qc2 b6 9. h4 cxd4 10. exd4 e5 11. dxe5 dxe5 12. Bg5 h6 13. Bxf6 Qxf6 14.
O-O-O Nc5 15. Ne4 Qf4+ 16. Nfd2 Nxd3+ 17. Qxd3 Qf5 18. Nc4 Ba6 19. Ned6 Qe6 20. Qd5 Qe7 21. Rhe1 Rad8 22. Nxe5 Qxh4 23. g3 Qf6 24. f4 Bc8 25. Nc6 Bg4 26. Nxd8 Bxd1 27. N8xf7 Bh5 28. Nxh6+ Kh7 29.
Nhf7 b5 30. Ng5+ Kh6 31. Ndf7+ Rxf7 32. Nxf7+ Kh7 33. Ng5+ Kh6 34. Qg8 1-0

[Event "*** Titled Tuesday 3|2 Blitz"]
[Site "Chess.com"]
[Date "2017.03.07"]
[Round "2"]
[White "mwpchess"]
[Black "coalescenet"]
[Result "0-1"]
[WhiteElo "2402"]
[BlackElo "2245"]
[TimeControl "180+2"]
[EndTime "13:21:16 PST"]
[Termination "coalescenet won by resignation"]

1. e4 c6 2. d4 d5 3. e5 Bf5 4. h4 h5 5. Bd3 Bxd3 6. Qxd3 e6 7. Bg5 Qb6 8. Nd2 c5 9. c4 cxd4 10. Ngf3 Nc6 11. O-O Be7 12. cxd5 exd5 13. e6 Nh6 14.
exf7+ Kxf7 15. Bxe7 Kxe7 16. Rfe1+ Kd7 17. Qg6 Rag8 18.
Nb3 Kc7 19. Qg3+ Kc8 20. Nfxd4 Qc7 21. Qf3 Ng4 22. Qf5+ Kb8 23. Nxc6+ bxc6 24. Nc5 Qh2+ 25. Kf1 Re8 26. Nd7+ Ka8 27. Re3 0-1

[Event "*** Titled Tuesday 3|2 Blitz"]
[Site "Chess.com"]
[Date "2017.03.07"]
[Round "2"]
[White "kereswasbest"]
[Black "rithwik2002"]
[Result "1-0"]
[WhiteElo "2061"]
[BlackElo "1804"]
[TimeControl "180+2"]
[EndTime "13:21:18 PST"]
[Termination "kereswasbest won by resignation"]

1. d4 Nf6 2. c4 e6 3. Nf3 d5 4. Nc3 Nbd7 5. e3 a6 6. Bd3 Be7 7. O-O O-O 8. c5 c6 9. b4 Qc7 10. a4 e5 11. dxe5 Nxe5 12. Nxe5 Qxe5 13. Bb2 Bg4 14. Qc2 Qe6 15. Ne2 g6 16. Nd4 Qd7 17. b5 axb5 18. axb5 Rfc8 19. b6 Ne8 20. Rxa8 Rxa8 21.
Ra1 Rxa1+ 22. Bxa1 Ng7 23. Bc3 Bxc5 24. Ne2 Bf5 25.
Bxg7 Bxd3 26. Qxd3 Kxg7 27. Qc3+ f6 28. Qxc5 1-0

[Event "*** Titled Tuesday 3|2 Blitz"]
[Site "Chess.com"]
[Date "2017.03.07"]
[Round "2"]
[White "Journey_to_GrandMaster_YT"]
[Black "Andrejkin"]
[Result "0-1"]
[WhiteElo "2374"]
[BlackElo "2238"]
[TimeControl "180+2"]
[EndTime "13:21:18 PST"]
[Termination "Andrejkin won by resignation"]

1. d4 d5 2. Nf3 Nf6 3. c4 c6 4.
Nc3 e6 5. Bg5 h6 6. Bxf6 Qxf6 7.
e3 Nd7 8. Qb3 Bd6 9. Bd3 O-O 10.
O-O Qe7 11. e4 dxc4 12. Bxc4 e5 13. d5 b5 14. Be2 Nc5 15. Qc2 b4 16. Na4 Nxa4 17. Qxa4 cxd5 18. exd5 e4 19. Ne1 a5 20.
g3 Bh3 21. Ng2 Rfd8 22. Rfe1 f5 23. Rad1 Qf6 24. Rd2 f4 25. Bb5 e3 26. Rc2 Rf8 27. Qb3 exf2+ 28. Rxf2 Bc5 29. Nxf4 Bxf2+ 30. Kxf2 Qb6+ 31.
Re3 Qxb5 32. d6+ Kh8 33. Rd3 Qc5+ 34. Re3 g5 35. Qe6 Bxe6 0-1

[Event "*** Titled Tuesday 3|2 Blitz"]
[Site "Chess.com"]
[Date "2017.03.07"]
[Round "2"]
[White "afgano29"]
[Black "pedromartinez91"]
[Result "0-1"]
[WhiteElo "2403"]
[BlackElo "2361"]
[TimeControl "180+2"]
[EndTime "13:21:19 PST"]
[Termination "pedromartinez91 won by resignation"]

1. d4 d5 2. c4 e6 3. Nc3 Be7 4.
cxd5 exd5 5. Bf4 c6 6. e3 Bf5 7. g4 Be6 8. h4 Nf6 9. f3 Bd6 10. Nge2 Qe7 11. Bxd6 Qxd6 12. Nf4 Nbd7 13. h5 h6 14. Kf2 Nh7 15. Be2 Ng5 16. Qg1 Nf6 17. Rc1 Rd8 18. Nd3 Bc8 19. Qh2 Qe7 20. Qe5 Ne6 21.
Rcg1 Nd7 22. Qg3 O-O 23. f4 f6 24. Ne1 Rfe8 25. Bd3 Ndf8 26. Ng2 Qb4 27. Rb1 c5 28. dxc5 d4 29. Ne2 dxe3+ 30. Qxe3 Nxc5 31. a3 Nxd3+ 32. Qxd3 Qb6+ 0-1

[Event "*** Titled Tuesday 3|2 Blitz"]
[Site "Chess.com"]
[Date "2017.03.07"]
[Round "2"]
[White "swayamsm"]
[Black "filali-oujda"]
[Result "1-0"]
[WhiteElo "2442"]
[BlackElo "2237"]
[TimeControl "180+2"]
[EndTime "13:21:22 PST"]
[Termination "swayamsm won by checkmate"]

1. e4 c6 2. d4 d5 3. exd5 cxd5 4.
Bf4 Nf6 5. c3 Nc6 6. Nd2 e6 7.
Ngf3 Bd6 8. Bxd6 Qxd6 9. Bd3 O-O 10. O-O e5 11. dxe5 Nxe5 12. Nxe5 Qxe5 13. Nf3 Qf4 14.
Nd4 Ng4 15. g3 Qh6 16. h4 Ne5 17. Re1 Qf6 18. Bxh7+ Kxh7 19. Qh5+ Kg8 20. Qxe5 Qb6 21. Re2 Bd7 22. Qxd5 Rad8 23. Rae1 Bg4 24. Qg5 Bxe2 25. Nf5 g6 26. Rxe2 Rfe8 27. Ne7+ Kg7 28. h5 Rd1+ 29. Kh2 Rxe7 30. h6+ Kh7 31. Qxe7 Qc6 32. Qxf7+ Kxh6 33. Qf8+ Kg5 34. Qf4+ Kh5 35. Qh4# 1-0

[Event "*** Titled Tuesday 3|2 Blitz"]
[Site "Chess.com"]
[Date "2017.03.07"]
[Round "2"]
[White "promen1999"]
[Black "GMMelik"]
[Result "0-1"]
[WhiteElo "2273"]
[BlackElo "2413"]
[TimeControl "180+2"]
[EndTime "13:21:25 PST"]
[Termination "GMMelik won on time"]

1. g3 Nf6 2. Bg2 g6 3. e4 Bg7 4. Nc3 d6 5. Nge2 c5 6. O-O Nc6 7. d3 O-O 8. h3 Rb8 9. a4 a6 10. f4 Ne8 11. f5 b5 12. axb5 axb5 13. Bg5 b4 14. Nd5 Bxb2 15. Ra2 Bg7 16. Ra7 f6 17. fxg6 fxg5 18. gxh7+ Kxh7 19. Rxf8 Bxf8 20. Nd4 cxd4 21. Qh5+ Kg8 22. e5 Nxa7 23. Qg6+ Bg7 24. e6 Bxe6 25. Qxe6+ Kh8 26. Qg6 Qd7 27. Be4 Qxh3 28.
Nxe7 Nf6 29. Nf5 Qh7 30. Qf7 Nxe4 0-1

[Event "*** Titled Tuesday 3|2 Blitz"]
[Site "Chess.com"]
[Date "2017.03.07"]
[Round "2"]
[White "oskariot"]
[Black "Matibar"]
[Result "0-1"]
[WhiteElo "2415"]
[BlackElo "2544"]
[TimeControl "180+2"]
[EndTime "13:21:31 PST"]
[Termination "Matibar won by resignation"]

1. e4 g6 2. d4 Bg7 3. Nc3 c6 4.
f4 d5 5. e5 Nh6 6. Nf3 Bg4 7. h3 Bxf3 8. Qxf3 Nf5 9. Be3 h5 10.
Bf2 h4 11. Bd3 e6 12. O-O Bf8 13. Ne2 Be7 14. b3 Nd7 15. c4 Kf8 16. Rfc1 Kg7 17. a3 a5 18. c5 b6 19. b4 b5 20. a4 axb4 21. axb5 cxb5 22. Bxb5 Rb8 23. Ba4 Nf8 24. c6 Qc7 25. Bb3 Nh7 26. Ra6 Ra8 27. Rca1 Rxa6 28.
Rxa6 Rb8 29. Qd3 Rb6 30. Ba4 Bd8 31. Nc1 g5 32. Nb3 gxf4 33. Nc5 Ng5 34. Be1 f3 35. Rxb6 Qxb6 36. Nd7 Qa7 37. Bb3 Nxd4 38. Bf2 Qa1+ 39. Qf1 Ne2+ 0-1

[Event "*** Titled Tuesday 3|2 Blitz"]
[Site "Chess.com"]
[Date "2017.03.07"]
[Round "2"]
[White "Outsmiter"]
[Black "ER404"]
[Result "0-1"]
[WhiteElo "2084"]
[BlackElo "2214"]
[TimeControl "180+2"]
[EndTime "13:21:32 PST"]
[Termination "ER404 won by resignation"]

1. e4 c6 2. d4 d5 3. exd5 cxd5 4.
Bd3 Nc6 5. c3 Qc7 6. Ne2 e5 7.
dxe5 Nxe5 8. Bb5+ Nc6 9. Qxd5 Nf6 10. Bxc6+ bxc6 11. Qf3 Bg4 12. Qe3+ Be7 13. h3 Be6 14.
Nd2 O-O 15. Nf3 Rfe8 16. O-O Bc4 17. Nfd4 c5 18. Nf5 Bf8 19. Qf4 Qxf4 20. Nxf4 g5 21. Rd1 gxf4 22. Bxf4 Be6 23. Ne3 Rad8 24. b3 Ne4 25. c4 Nc3 26. Rxd8 Rxd8 27. Be5 Bg7 28. Bxg7 Kxg7 29. Nf1 Rd1 30. Rxd1 Nxd1 31. Nd2 Nc3 32. a3 Kf6 33. f3 Ke5 34. Kf2 Kd4 35. g4 a5 36. f4 f6 37. f5 Bf7 38. Nf3+ Kd3 39. h4 h6 40. g5 hxg5 41. hxg5 Ne4+ 42. Kg2 Nxg5 0-1